 Dungeon Crawl Stone Soup version 0.17.2 (webtiles) character file.

601 Charly the Ruffian (level 7, 17/65 HPs)
             Began as a Troll Transmuter on July 14, 2016.
             Quit the game on level 6 of the Dungeon.
             The game lasted 00:20:46 (859 turns).

Charly the Ruffian (Troll Transmuter)                Turns: 859, Time: 00:20:46

Health: 17/65      AC:  9    Str: 19    XL:     7   Next: 18%
Magic:  7/7        EV:  9    Int:  9    God:
Gold:   82         SH:  0    Dex: 12    Spells: 1 memorised, 6 levels left

rFire  . . .     SeeInvis .     l - +1 rod of inaccuracy (curse) (3/11)
rCold  . . .     Clarity  .     b - +1 robe
rNeg   . . .     SustAt   .     (no shield)
rPois  .         Gourm    +     (helmet restricted)
rElec  .         Spirit   .     (no cloak)
rCorr  .         Warding  .     (gloves unavailable)
rMut   .         Stasis   .     (boots unavailable)
MR     .....                    (no amulet)
Stlth  +.........               (no ring)
                                g - +3 ring of protection

@: mildly poisoned (17 -> 17), slowed, drained, very slow, not resistant to
hostile enchantments, very unstealthy
A: unfitting armour, claws 3, fast metabolism 3, gourmand, regeneration 2,
shaggy fur 1, tough skin 2
a: no special abilities


You were on level 6 of the Dungeon.
You were not hungry.

You visited 1 branch of the dungeon, and saw 6 of its levels.

You collected 82 gold pieces.

Inventory:

Hand Weapons
 i - the +1 whip "Teomenec" {antimagic, +Fly Int+2 Dex+2, unknown}
   (You found it on level 4 of the Dungeon)

   It disrupts the flow of magical energy around spellcasters and certain
   magical creatures (including the wielder).
   It affects your intelligence (+2).
   It affects your dexterity (+2).
   It lets you fly.
Missiles
 a - 9 arrows
Armour
 b - a +1 robe (worn)
Rods
 l - a cursed +1 rod of inaccuracy (3/11) (weapon)
   (You found it on level 6 of the Dungeon)
Jewellery
 g - a +3 ring of protection (left claw)
Wands
 h - a wand of magic darts (9)
Scrolls
 k - 3 scrolls of teleportation
Potions
 e - 2 potions of cure mutation {unknown}
 j - a potion of curing
 m - 2 potions of flight {unknown}
Books
 c - a book of Changes

   Spells                             Type                      Level
   a - Beastly Appendage              Transmutation                1
   b - Sticks to Snakes               Transmutation                2
   c - Spider Form                    Transmutation/Poison         3
   d - Ice Form                       Ice/Transmutation            4
   e - Blade Hands                    Transmutation                5
 f - a book of Clouds

   Spells                             Type                      Level
   a - Mephitic Cloud                 Conjuration/Poison/Air       3
   b - Conjure Flame                  Conjuration/Fire             3
   c - Poisonous Cloud                Conjuration/Poison/Air       6
   d - Freezing Cloud                 Conjuration/Ice/Air          6
   e - Ring of Flames                 Charms/Fire                  7
Comestibles
 d - 3 bread rations


   Skills:
 + Level 2.2(1.8) Fighting
 - Level 1.5(1.2) Dodging
 + Level 7.9(7.4) Unarmed Combat
 - Level 1.2(0.9) Spellcasting
 - Level 1.3(1.0) Transmutations


You had 6 spell levels left.
You knew the following spells:

 Your Spells              Type           Power        Failure   Level  Hunger
s - Sticks to Snakes      Trmt           #.........   38%         2    ###....


Dungeon Overview and Level Annotations

Branches:
Dungeon (6/15)
 Temple: D:4-7

Altars:
Elyvilon
Okawaru
Sif Muna
Xom

Shops:
D:5 =

Annotations:
D:4 Pikel


Innate Abilities, Weirdness & Mutations

You are too large for most types of armour.
You have claws for hands.
Your metabolism is lightning-fast.
You like to eat raw meat.
You heal very quickly.
You are covered in fur (AC +1).
You have very tough skin (AC +2).


Message History

You see here an arrow.
Unknown command.
The orc wizard hits you but does no damage.
The orc wizard is no longer moving quickly.
The centaur shoots an arrow.
The arrow hits you. The ogre closely misses you.
The orc wizard hits you but does no damage.
The orc warrior hits you from afar with a glaive.
The orc wizard hits you but does no damage.
The ogre barely misses you.
Found a stone staircase leading down.
You see here an arrow.
The worker ant bites you.
You are poisoned.
The worker ant poisons you!
You feel sick. The worker ant bites you.
The orc warrior hits you from afar with a glaive!
You feel sick. The worker ant misses you.
You feel sick. The worker ant closely misses you.
The orc warrior barely misses you.
Are you sure you want to abandon this character and quit the game? (Confirm with "yes".)

.#......##......#
# ##..........#
#.# #
...#####....###.#
# #### #.(.oo##.#
#
#...#o##.########
.
#...#..O.........
...
#...##.o.........
!.##.
#...##..a........
. #
#...###..@.......
#...# #..########
##### #.>. #####


You could see an orc warrior, an ogre, a worker ant, an orc wizard and 2 orcs.

Vanquished Creatures
  An orc warrior (D:6)
  An ice beast (D:5)
  2 giant frogs
  A scorpion (D:6)
  A crimson imp (D:5)
  A hound (D:4)
  A centaur zombie (D:6)
  2 orc priests
  An orc wizard (D:6)
  2 adders
  A shadow imp (D:5)
  5 oozes
  4 orcs
  2 jackals (D:1)
  2 giant cockroaches
  A giant gecko (D:5)
  3 rats (D:1)
31 creatures vanquished.

Vanquished Creatures (others)
  A shadow imp (D:6)
  A quokka (D:4)
  A giant newt (D:6)
3 creatures vanquished.

Grand Total: 34 creatures vanquished

Notes
Turn   | Place    | Note
--------------------------------------------------------------
     0 | D:1      | Charly the Troll Transmuter began the quest for the Orb.
     0 | D:1      | Reached XP level 1. HP: 18/18 MP: 1/1
     1 | D:1      | Found a runed door.
    23 | D:1      | Reached XP level 2. HP: 20/26 MP: 2/2
    44 | D:1      | Reached skill level 4 in Unarmed Combat
    75 | D:4      | Noticed a giant frog
    86 | D:4      | Killed a giant frog
    86 | D:4      | Reached skill level 5 in Unarmed Combat
    86 | D:4      | Reached XP level 3. HP: 25/32 MP: 3/3
    86 | D:4      | Reached XP level 4. HP: 31/40 MP: 4/4
    90 | D:4      | Learned a level 2 spell: Sticks to Snakes
    92 | D:5      | Entered Level 5 of the Dungeon
    92 | D:5      | Found a deep blue altar of Sif Muna.
   228 | D:5      | Found Tuxzenog's Jewellery Shop.
   241 | D:6      | Noticed an ice beast
   252 | D:6      | Noticed an ogre
   265 | D:5      | Killed an ice beast
   265 | D:5      | Reached skill level 6 in Unarmed Combat
   265 | D:5      | Reached XP level 5. HP: 11/46 MP: 5/5
   370 | D:6      | Noticed an orc warrior
   435 | D:6      | Noticed an orc warrior
   547 | D:6      | Reached skill level 7 in Unarmed Combat
   547 | D:6      | Reached XP level 6. HP: 35/54 MP: 1/6
   552 | D:6      | Killed an orc warrior
   559 | D:6      | Noticed a giant frog
   564 | D:6      | Killed a giant frog
   564 | D:6      | Reached skill level 1 in Fighting
   600 | D:6      | Identified a cursed +1 rod of inaccuracy (11/11) (You found it on level 6 of the Dungeon)
   637 | D:5      | Reached XP level 7. HP: 42/63 MP: 7/7
   724 | D:4      | Noticed Pikel
   727 | D:4      | Found a white marble altar of Elyvilon.
   729 | D:4      | Noticed a slave
   757 | D:4      | Noticed a phantom
   760 | D:4      | Got a bloodstained whip
   814 | D:6      | Noticed an ogre
   824 | D:6      | Found a shimmering altar of Xom.
   836 | D:6      | Found an iron altar of Okawaru.
   851 | D:6      | Noticed a centaur
   859 | D:6      | Quit the game

Action                   |  1- 3 |  4- 6 |  7- 9 || total
-------------------------+-------+-------+-------++-------
Melee: Unarmed           |    47 |    42 |       ||    89
       Rod               |       |    11 |    29 ||    40
 Cast: Sticks to Snakes  |       |     3 |       ||     3
Evoke: Rod               |       |     4 |     3 ||     7
  Use: Scroll            |       |     9 |       ||     9
       Potion            |       |     1 |       ||     1
  Eat: Chunk             |       |     8 |       ||     8
